Map: Frost LE

Players

Ohm

  • Race: Zerg Zerg
  • League: Diamond

llllllllllll - Winner!

  • Race: Protoss Protoss
  • League: Diamond

VOD

Have the link to the VOD?

Description

Time

  • Played on: July 17, 2016, 1:29 p.m.
  • Length: 11:20
Show
View Real Time Build Order
Export as new Build Order

Ohm Zerg 

Build Orders: Hatch First 

Get SALT Encoding   

  12  0:05  Drone  
  13  0:16  Overlord  
  13  0:21  Drone  
  14  0:35  Drone x2  
  16  0:38  Drone  
  17  0:55  Hatchery  
  17  0:57  Drone  
  17  1:02  Drone  
  18  1:16  Spawning Pool  
  18  1:18  Drone  
  18  1:30  Drone  
  18  1:32  Drone  
  20  1:46  Hatchery  
  19  1:47  Drone  
  20  2:03  Drone  
  20  2:06  Drone  
  20  2:07  Drone  
  23  2:09  Queen  
  23  2:15  Drone  
  26  2:17  Drone  
  27  2:24  Extractor  
  27  2:26  Drone  
  27  2:31  Overlord  
  27  2:41  Drone  
  28  2:48  Queen x2  
  32  2:52  Drone x3  
  32  2:57  Extractor  
  32  2:58  Drone x2  
  36  2:59  Queen  
  36  3:00  Drone  
  39  3:08  Zergling x2  
  40  3:13  Drone x2  
  40  3:14  Extractor  
  40  3:19  Overlord  
  41  3:21  Drone  
  42  3:33  Overlord, Extractor  
  41  3:35  Lair  
  41  3:40  Drone, Roach Warren  
  41  3:42  Drone  
  41  3:43  Drone  
  41  3:45  Drone  
  45  3:48  Drone  
  45  3:51  Drone  
  45  3:53  Drone  
  47  4:02  Drone x4  
  51  4:07  Overlord  
  51  4:12  Spore Crawler  
  51  4:15  Spore Crawler  
  51  4:16  Drone  
  50  4:29  Roach x4  
  58  4:36  Glial Reconstitution  
  57  4:38  Hydralisk Den  
  57  4:39  Drone  
  57  4:40  Drone x2  
  59  4:53  Zergling x2  
  59  4:54  Zergling x2  
  59  4:59  Overseer  
  61  5:02  Drone x5  
  61  5:03  Overlord  
  61  5:04  Overlord  
  66  5:08  Muscular Augments  
  66  5:10  Metabolic Boost  
  66  5:26  Drone x5  
  66  5:27  Drone x5  
  76  5:30  Drone, Extractor  
  76  5:31  Drone, Extractor  
  76  5:41  Drone x3  
  79  5:44  Spore Crawler  
  79  5:45  Spine Crawler  
  79  5:49  Roach  
  81  5:50  Roach  
  81  6:04  Overlord x3, Evolution Chamber  
  81  6:05  Evolution Chamber  
  79  6:12  Overlord, Overseer  
  79  6:22  Lurker Den  
  79  6:24  Hydralisk x2  
  79  6:25  Hydralisk x5  
  93  6:36  Hydralisk x4  
  101  7:07  Zerg Missile Weapons Level 1, Zerg Ground Armor Level 1, Hydralisk x2  
  105  7:09  Overlord x3  
  105  7:23  Hatchery, Hydralisk  
  105  7:25  Overlord x4  
  106  7:30  Infestation Pit  
  106  7:31  Ravager x3  
  106  7:32  Ravager x3, Hydralisk  
  106  7:33  Hydralisk x3  
  118  7:38  Hydralisk x2  
  122  7:45  Hydralisk x3  
  128  7:55  Hydralisk  
  128  7:56  Hydralisk x2  
  128  7:57  Zergling x4  
  128  7:58  Zergling x2  
  137  8:24  Zergling x6  
  140  8:34  Spire  
  140  8:36  Infestation Pit, Drone x3  
  140  8:37  Drone  
  140  8:38  Drone x6  
  148  8:44  Hydralisk x2  
  148  8:45  Hydralisk x5  
  162  8:51  Zergling x2  
  162  8:52  Zergling x8  
  114  9:18  Hydralisk x2  
  114  9:19  Hydralisk x5  
  114  9:20  Zergling x2  
  114  9:21  Zergling x8  
  119  9:30  Queen  
  121  9:32  Drone x2, Extractor  
  121  9:33  Drone, Extractor  
  121  9:34  Drone x3  
  121  9:37  Roach, Hydralisk  
  121  9:38  Roach x2  
  133  9:40  Zergling x4  
  133  9:46  Hydralisk x2  
  133  9:47  Hydralisk  
  133  9:51  Drone x4  
  143  10:06  Hydralisk  
  144  10:07  Hydralisk x5  
  144  10:08  Hydralisk  
  148  10:20  Hydralisk x2  
  144  10:22  Hydralisk  
  144  10:26  Hydralisk  
Show
View Real Time Build Order
Export as new Build Order

llllllllllll Protoss - Winner!

Build Orders: 1 Gate Expand, Carrier Rush 

Get SALT Encoding   

  12  0:01  Probe (Chrono Boost)  
  13  0:11  Probe (Chrono Boost)  
  14  0:22  Probe (Chrono Boost)  
  15  0:30  Pylon  
  15  0:48  Probe (Chrono Boost)  
  16  0:50  Gateway  
  16  0:59  Probe (Chrono Boost)  
  17  1:09  Probe (Chrono Boost)  
  17  1:10  Assimilator  
  18  1:15  Assimilator  
  18  1:20  Probe (Chrono Boost)  
  19  1:29  Nexus  
  19  1:31  Probe (Chrono Boost)  
  20  1:42  Probe (Chrono Boost)  
  21  1:47  Cybernetics Core  
  21  1:52  Probe (Chrono Boost)  
  22  2:03  Probe (Chrono Boost)  
  22  2:08  Pylon  
  23  2:26  Probe (Chrono Boost), Stalker  
  26  2:31  Assimilator  
  28  2:37  Pylon, Mothership Core (Chrono Boost)  
  28  2:51  Probe (Chrono Boost)  
  28  2:55  Probe (Chrono Boost)  
  30  3:02  Probe (Chrono Boost)  
  31  3:10  Probe (Chrono Boost)  
  33  3:12  Probe (Chrono Boost)  
  33  3:16  Assimilator  
  33  3:20  Probe (Chrono Boost), Stargate  
  33  3:23  Probe (Chrono Boost)  
  35  3:31  Probe (Chrono Boost)  
  35  3:33  Probe (Chrono Boost)  
  37  3:40  Pylon  
  38  3:41  Probe (Chrono Boost)  
  38  3:43  Forge  
  38  3:48  Pylon  
  38  3:50  Probe (Chrono Boost)  
  38  3:52  Probe (Chrono Boost)  
  40  4:00  Probe (Chrono Boost)  
  41  4:09  Fleet Beacon  
  41  4:16  Pylon  
  41  4:19  Probe (Chrono Boost)  
  41  4:20  Probe (Chrono Boost)  
  43  4:30  Probe (Chrono Boost)  
  43  4:34  Probe (Chrono Boost)  
  43  4:38  Stargate  
  44  4:40  Probe (Chrono Boost)  
  44  4:41  Stargate  
  44  4:45  Probe (Chrono Boost)  
  46  4:53  Carrier  
  52  5:01  Probe (Chrono Boost)  
  52  5:03  Probe (Chrono Boost)  
  54  5:12  Probe (Chrono Boost)  
  55  5:16  Carrier  
  55  5:17  Carrier  
  67  5:29  Graviton Catapult  
  67  5:41  Probe (Chrono Boost)  
  68  5:51  Nexus  
  68  5:59  Pylon  
  68  6:15  Pylon  
  68  6:18  Pylon  
  68  6:19  Carrier  
  74  6:30  Carrier  
  74  6:32  Carrier  
  74  6:33  Assimilator  
  86  6:47  Photon Cannon  
  86  7:18  Probe x2 (Chrono Boost)  
  88  7:27  Assimilator  
  90  7:30  Probe x2 (Chrono Boost)  
  90  7:31  Protoss Shields Level 1  
  90  7:36  Pylon  
  90  7:39  Pylon  
  90  7:45  Carrier x2  
  102  7:55  Photon Cannon  
  102  7:57  Photon Cannon  
  108  8:00  Photon Cannon  
  108  8:14  Probe (Chrono Boost)  
  108  8:17  Probe x2 (Chrono Boost)  
  111  8:24  Carrier  
  111  8:25  Probe (Chrono Boost)  
  111  8:26  Pylon  
  112  8:28  Pylon  
  112  8:29  Probe x2 (Chrono Boost)  
  114  8:35  Probe (Chrono Boost)  
  116  9:50  Photon Cannon  
  116  9:51  Photon Cannon  
Tags
 
Add a new tag
Caveats
  • Supply blocks, unpowered buildings, or Contaminate may cause inaccurate times.
  • Supply counts are checked every 10 seconds.